 Dungeon Crawl Stone Soup version 0.28-a0-1182-g381e24db82 (webtiles) character file.

Game seed: 712408788926741726

653 browni3141 the Carver (level 7, -1/52 HPs)
             Began as a Formicid Fighter on Dec 17, 2021.
             Slain by a wyvern (15 damage)
             ... on level 4 of the Dungeon.
             The game lasted 00:10:16 (5159 turns).

browni3141 the Carver (Formicid Fighter)            Turns: 5159, Time: 00:10:16

Health: -1/52      AC:  6    Str: 22    XL:     7   Next: 84%
Magic:  7/7        EV:  9    Int:  8    God:
Gold:   241        SH:  4    Dex: 10    Spells: 6/6 levels left

rFire   . . .      SeeInvis +   a - +0 long sword
rCold   . . .      Faith    .   c - +0 buckler
rNeg    . . .      Spirit   .   g - +0 scale mail
rPois   .          Reflect  .   (helmet unavailable)
rElec   .          Harm     .   (no cloak)
rCorr   .          Rampage  .   (no gloves)
Will    .....                   (no boots)
Stlth   ..........              (no amulet)
HPRegen 0.17/turn               e - ring of flight
MPRegen 0.10/turn               (no ring)

@: flying
A: permanent stasis, dig shafts and tunnels, antennae 3, four strong arms
a: Dig, Shaft Self


You were on level 4 of the Dungeon.
You visited 1 branch of the dungeon, and saw 4 of its levels.

You collected 241 gold pieces.

Inventory:

Hand Weapons
 a - a +0 long sword (weapon)
 b - a +0 hand crossbow
Missiles
 h - 11 bolts
 l - 61 arrows
Armour
 c - a +0 buckler (worn)
 g - a +0 scale mail (worn)
Jewellery
 e - a ring of flight (left hand)
Wands
 o - a wand of flame (7)
Scrolls
 i - a scroll of magic mapping {unknown}
 j - a scroll of identify {unknown}
 k - a scroll of enchant weapon {unknown}
 m - a scroll of fear {unknown}
 q - a scroll of summoning {unknown}
Potions
 d - a potion of might
 f - a potion of haste {unknown}
 n - a potion of attraction {unknown}
 p - a potion of heal wounds {unknown}


   Skills:
 - Level 3.2 Fighting
 * Level 8.2 Long Blades
 - Level 3.2 Armour
 - Level 3.6 Shields


You had 6 spell levels left.
You didn't know any spells.
Your spell library was empty.

Dungeon Overview and Level Annotations

Branches:
Dungeon (4/15)
 Temple: D:4-7

Altars:

Shops:
D:1 (   D:2 *

Annotations:
D:4 1 transporter


Innate Abilities, Weirdness & Mutations

You cannot be hasted, slowed, berserked, paralysed or teleported.
You can dig through walls and to a lower floor.
You have a pair of large antennae on your head. (SInv)
Your four strong arms can wield two-handed weapons with a shield.


Message History

You sense a monster nearby.
Items here: )) [[ รท.
There is a stone staircase leading down here.
You start waiting.
A wyvern is nearby!
b - a +0 hand crossbow (weapon)
The wyvern hisses angrily.
You start waiting.
A wyvern is nearby!
a - a +0 long sword (weapon)
The wyvern bites you but does no damage.
You slash the wyvern!
The wyvern is moderately wounded.
The wyvern bites you!
You slash the wyvern!
The wyvern is heavily wounded.
The wyvern misses you. The wyvern closely misses you.
You barely miss the wyvern.
The wyvern is heavily wounded.
The wyvern barely misses you.
You barely miss the wyvern.
The wyvern is heavily wounded.
The wyvern closely misses you. You block the wyvern's attack.
You barely miss the wyvern.
The wyvern is heavily wounded.
The wyvern barely misses you.
You barely miss the wyvern.
The wyvern is heavily wounded.
The wyvern bites you! You block the wyvern's attack.
You closely miss the wyvern.
The wyvern is heavily wounded.
The wyvern bites you but does no damage.
You barely miss the wyvern.
The wyvern is heavily wounded.
The wyvern bites you. The wyvern bites you!
* * * LOW HITPOINT WARNING * * *
You hit the wyvern but do no damage.
The wyvern is heavily wounded.
The wyvern bites you!
You die...

... .. . .... .##. .#
..... ... .# ..
.....##.. .# ..#
........###.##.#... ..
........##.....#.. ...
.......<.........##
#...
###.#.<#l...##....##..
#...@..####......
####....##......#
#...........#...# .
.....###....##.#.# .#
......
###..#[##.##.K#.
.....#
#....##.#....... .....
.##.....##..# .
..................#
##.
.............###...


You could see a wyvern.

Vanquished Creatures
  Sigmund (D:3)
  An ogre (D:2)
  A phantom (D:3)
  3 orc priests
  An iguana (D:2)
  5 orc wizards
  3 adders
  4 worms
  2 dart slugs (D:1)
  9 orcs
  4 endoplasms
  4 giant cockroaches
  2 goblins
  5 hobgoblins
  3 jackals (D:1)
  A quokka (D:2)
  4 ball pythons
  5 bats
  2 frilled lizards
  9 kobolds
  4 rats
73 creatures vanquished.

Vanquished Creatures (others)
  4 toadstools (D:1)
4 creatures vanquished.

Grand Total: 77 creatures vanquished

Notes
Turn   | Place    | Note
-------+----------+-------------------------------------------
     0 | D:1      | browni3141 the Formicid Fighter began the quest for the
                  | Orb.
     0 | D:1      | Reached XP level 1. HP: 18/18 MP: 1/1
   136 | D:1      | Reached XP level 2. HP: 19/24 MP: 2/2
   412 | D:1      | Reached skill level 3 in Long Blades
   502 | D:1      | Reached XP level 3. HP: 29/29 MP: 3/3
   647 | D:1      | Found Baalias's Weapon Shop.
   964 | D:2      | Reached skill level 4 in Long Blades
   964 | D:2      | Reached XP level 4. HP: 28/35 MP: 4/4
  1315 | D:2      | Found Vosenid's Assorted Antiques.
  1336 | D:2      | Noticed an ogre
  1377 | D:2      | Killed an ogre
  1378 | D:2      | Reached skill level 5 in Long Blades
  1378 | D:2      | Reached XP level 5. HP: 41/41 MP: 5/5
  2142 | D:3      | Noticed Sigmund
  2324 | D:3      | Killed Sigmund
  2325 | D:3      | Reached skill level 6 in Long Blades
  2325 | D:3      | Reached XP level 6. HP: 33/47 MP: 6/6
  2598 | D:3      | Found a faded altar of an unknown god.
  2706 | D:4      | Found a transporter.
  2723 | D:4      | Noticed an orc warrior
  2779 | D:4      | Noticed a wyvern
  3033 | D:2      | Reached XP level 7. HP: 24/52 MP: 7/7
  3209 | D:2      | Reached skill level 7 in Long Blades
  4719 | D:4      | Reached skill level 8 in Long Blades
  5159 | D:4      | Slain by a wyvern

Illustrated notes

Levels and vault maps discovered:
D:1:      saegor_arrival_simple_b, layout_basic, serial_shops,
          nicolae_shop_waterfront, minmay_gold_behind_fungi
D:2:      layout_basic, serial_shops, shop, grunt_decor_junction
D:3:      layout_rooms, shapermc_ecumenical_altar_ellora, uniq_sigmund
D:4:      gammafunk_wand_slinger, layout_cave_pools, uniq_menkaure

Skill      XL: |  1  2  3  4  5  6  7 |
---------------+----------------------+-----
Long Blades    | 3 4 5 6 8 |  8.2
Fighting       | |  3.2
Armour         | |  3.2
Shields        | |  3.6

Action                   |  1- 3 |  4- 6 |  7- 9 || total
-------------------------+-------+-------+-------++-------
Melee: Long sword        |    80 |    89 |    57 ||   226
 Fire: Hand crossbow     |       |     7 |    17 ||    24
 Abil: Dig               |     2 |     3 |     3 ||     8
Evoke: Wand              |       |       |     6 ||     6
  Use: Potion            |       |     1 |       ||     1
Armor: Scale mail        |    34 |    32 |    19 ||    85
Dodge: Dodged            |    31 |    44 |    26 ||   101
Block: Buckler           |     8 |    21 |    12 ||    41

Table legend: (Time is in decaauts)
 A = Elapsed time spent in this place.
 B = Non-inter-level travel time spent in this place.
 C = Inter-level travel time spent in this place.
 D = Time resting spent in this place.
 E = Time spent auto-exploring this place.
 F = Levels seen in this place.
 G = Mean time per level.
                   A        B        C        D        E       F      G
               +--------+--------+--------+--------+--------+-----+--------+
         Total |   5214 |   5027 |    187 |   1997 |   2031 |   4 | 1303.5 |
       Dungeon |   5214 |   5027 |    187 |   1997 |   2031 |   4 | 1303.5 |
               +--------+--------+--------+--------+--------+-----+--------+

Top non-repeatable levels by time:
     D:2: 2366 daAuts
     D:3: 1525 daAuts
     D:1: 1001 daAuts
     D:4: 320 daAuts
